 Dungeon Crawl Stone Soup version 0.28-a0-429-g1448048969 (webtiles) character file.

Game seed: 16906985279181777890

130 nfekekn the Digger (level 5, -3/42 HPs)
             Began as a Gargoyle Earth Elementalist on Sept 10, 2021.
             Killed from afar by an orc wizard (11 damage)
             ... with a puff of flame
             ... on level 3 of the Dungeon.
             The game lasted 00:05:49 (3125 turns).

nfekekn the Digger (Gargoyle Earth Elementalist)    Turns: 3125, Time: 00:05:50

Health: -3/42      AC: 22    Str: 11    XL:     5   Next: 13%
Magic:  0/10       EV:  2    Int: 17    God:
Gold:   91         SH:  0    Dex: 16    Spells: 6/10 levels left

rFire   . . .      SeeInvis .   f - +4 dagger (venom)
rCold   . . .      Faith    .   (no shield)
rNeg    + + +      Spirit   .   (armour currently unavailable)
rPois   ∞          Reflect  .   (helmet currently unavailable)
rElec   .          Harm     .   (cloak currently unavailable)
rCorr   .          Rampage  .   (gloves currently unavailable)
Will    +....      NoTele   +   (boots currently unavailable)
Stlth   ++........              (no amulet)
HPRegen 0.14/turn               e - ring of willpower
MPRegen 0.12/turn               m - +6 ring of dexterity

@: tree-form
A: stationary, stasis, torment immunity, boosted hp, sickness immunity, AC +4,
negative energy resistance 1, (electricity resistance), torment resistance 1,
petrification resistance
a: no special abilities


You were on level 3 of the Dungeon.
You were a tree.
You visited 1 branch of the dungeon, and saw 3 of its levels.

You collected 91 gold pieces.

Inventory:

Hand Weapons
 d - a +0 dagger
 f - a +4 dagger of venom (weapon)
 p - a +1 whip of protection
 q - a +2 dagger of freezing
Missiles
 c - 18 stones
Armour
 a - a +0 pair of gloves (melded)
 b - a +0 robe (melded)
 n - a scarf of invisibility (melded)
Jewellery
 e - a ring of willpower (left branch)
 m - a +6 ring of dexterity (right branch)


   Skills:
 - Level 1.5 Dodging
 - Level 2.1 Stealth
 + Level 3.3 Spellcasting
 + Level 2.0 Conjurations
 - Level 0.7 Transmutations
 + Level 5.1 Earth Magic


You had 6 spell levels left.
You knew the following spells:

 Your Spells              Type           Power      Damage    Failure   Level
a - Sandblast             Erth           40%        2d10      1%          1
b - Stone Arrow           Conj/Erth      30%        3d8       12%         3

Your spell library contained the following spells:

 Spells                   Type           Power      Damage    Failure   Level
 Passwall                 Tmut/Erth      10%        N/A       8%          2
 Petrify                  Tmut/Erth      12%        N/A       45%         4


Dungeon Overview and Level Annotations

Branches:
Dungeon (3/15)

Altars:
Trog
Zin


Innate Abilities, Weirdness & Mutations

You are a tree.
Your roots penetrate the ground, keeping you stationary.
You cannot be teleported.
You are immune to unholy pain and torment.
Your maximum health is greatly increased.
Your equipment is partially melded.
You are immune to sickness and miasma.
((Your stone body is resilient. (AC +4)))
You are immune to poison.
You resist negative energy. (rN+)
((You are resistant to electric shocks. (rElec)))
You are resistant to unholy torment.
You are immune to petrification.


Message History

Your scarf of invisibility melds into your body.
Your +0 pair of gloves melds into your body.
Your +0 robe melds into your body.
Your roots penetrate the ground.
You hear some strange, mumbled words.
Something tries to affect you, but you resist.
Unknown command.
Unknown command.
Casting: Sandblast (safe; 1% risk of failure)
Confirm with . or Enter, or press ? or * to list all spells.
Aiming: Sandblast (safe; 1% risk of failure)
Press: ? - help, Shift-Dir - straight line, f - orc
Aim: an orc, wielding a +0 flail (81% to hit)
The blast of sand hits something.
Something hits you but does no damage.
Unknown command.
Casting: Sandblast (safe; 1% risk of failure)
Confirm with . or Enter, or press ? or * to list all spells.
Aiming: Sandblast (safe; 1% risk of failure)
Press: ? - help, Shift-Dir - straight line, f/p - orc
Aim: an orc, wielding a +0 flail (81% to hit)
The blast of sand hits something.
Something hits you but does no damage.
Casting: Sandblast (safe; 1% risk of failure)
Confirm with . or Enter, or press ? or * to list all spells.
You don't have enough magic to cast this spell.
Unknown command.
Casting: Sandblast (safe; 1% risk of failure)
Confirm with . or Enter, or press ? or * to list all spells.
You don't know that spell.
You cannot move.
You cannot move.
You cannot move.
You cannot move.
You cannot move.
You cannot move.
You cannot move.
You cannot move.
You hit something.
You hear some strange, mumbled words.
A puff of flame appears from out of thin air!
The puff of flame hits you!
You die...

.# # ##.# .. #... #..
...# ###... #..# #
......##..#.#
#....))....# ##### #.o#
#♣# ##..^### ##..)###{#
##...##.# ##...)...o#
##..).##.# #.......###
#..._.##†#
#.......).####.....##†#
+.........'....#...##.#
#.........####.##..'.##
##.......## ##.######
##.....## ###


You could see an orc.

Vanquished Creatures
  An orc priest (D:3)
  3 gnolls (D:2)
  An adder (D:2)
  6 orcs (D:3)
  8 ball pythons
  4 endoplasms
  4 giant cockroaches
  4 goblins
  5 hobgoblins
  5 quokkas
  4 bats
  3 frilled lizards
  3 kobolds (D:2)
  A rat (D:1)
52 creatures vanquished.

Notes
Turn   | Place    | Note
-------+----------+-------------------------------------------
     0 | D:1      | nfekekn the Gargoyle Earth Elementalist began the quest for
                  | the Orb.
     0 | D:1      | Reached XP level 1. HP: 10/10 MP: 3/3
   233 | D:1      | Reached XP level 2. HP: 15/15 MP: 5/5
   252 | D:1      | Reached skill level 4 in Earth Magic
  1488 | D:2      | Reached XP level 3. HP: 19/19 MP: 5/7
  1492 | D:2      | Learned a level 3 spell: Stone Arrow
  1679 | D:2      | Found a faded altar of an unknown god.
  1972 | D:2      | Reached skill level 1 in Conjurations
  1972 | D:2      | Reached XP level 4. HP: 5/24 MP: 0/8
  2672 | D:2      | Found a glowing silver altar of Zin.
  2948 | D:3      | Found a bloodstained altar of Trog.
  3122 | D:3      | Reached skill level 5 in Earth Magic
  3122 | D:3      | Reached XP level 5. HP: 4/28 MP: 1/10
  3125 | D:3      | Killed from afar by an orc wizard

Illustrated notes

Levels and vault maps discovered:
D:1:      lemuel_arrival_behind_the_door_small, layout_loops_ring,
          minmay_cut_off
D:2:      minmay_diamond_boxcup, layout_loops_cross, basic_altar,
          dreamdust_ecumenical_altar_angels_and_demons, minmay_pentomino_pile
D:3:      layout_loops_corners, trog_butcher_becter

Skill      XL: |  1  2  3  4 |
---------------+-------------+-----
Earth Magic    | 4 5 |  5.1
Spellcasting   | 3 |  3.3
Conjurations   | 1 2 |  2.0
Dodging        | |  1.5
Stealth        | |  2.1
Transmutations | |  0.7

Action                   |  1- 3 |  4- 6 || total
-------------------------+-------+-------++-------
Melee: Dagger            |    88 |    28 ||   116
       Unarmed           |     3 |       ||     3
       Whip              |       |     7 ||     7
 Cast: Sandblast         |    23 |    11 ||    34
       Stone Arrow       |       |     1 ||     1
  Use: Scroll            |       |     9 ||     9
       Potion            |       |     1 ||     1
 Stab: Sleeping          |     4 |     5 ||     9
Armor: Robe              |    46 |    18 ||    64
       Skin              |       |     2 ||     2
Dodge: Dodged            |    54 |    13 ||    67

Table legend: (Time is in decaauts)
 A = Elapsed time spent in this place.
 B = Non-inter-level travel time spent in this place.
 C = Inter-level travel time spent in this place.
 D = Time resting spent in this place.
 E = Time spent auto-exploring this place.
 F = Levels seen in this place.
 G = Mean time per level.
                   A        B        C        D        E       F      G
               +--------+--------+--------+--------+--------+-----+--------+
         Total |   3122 |   2997 |    125 |    314 |   2260 |   3 | 1040.7 |
       Dungeon |   3122 |   2997 |    125 |    314 |   2260 |   3 | 1040.7 |
               +--------+--------+--------+--------+--------+-----+--------+

Top non-repeatable levels by time:
     D:2: 1710 daAuts
     D:1: 1232 daAuts
     D:3: 180 daAuts
